 Dungeon Crawl Stone Soup version 0.28-a0-948-gee6e0bcda6 (webtiles) character file.

Game seed: 14441151693211027943

292872 AvatarAndi78 the Axe Maniac (level 20, -7/195 HPs)
             Began as a Minotaur Berserker on Nov 30, 2021.
             Was a High Priest of Trog.
             Mangled by a rockslime (14 damage)
             ... on level 2 of the Pits of Slime.
             The game lasted 02:07:10 (31980 turns).

AvatarAndi78 the Axe Maniac (Minotaur Berserker)   Turns: 31980, Time: 02:07:11

Health: -7/195     AC: 32    Str: 38    XL:     20   Next: 0%
Magic:  8/20       EV: 11    Int:  2    God:    Trog [*****.]
Gold:   994        SH:  0    Dex: 22    Spells: 19/19 levels left

rFire   . . .      SeeInvis .   n - +7 war axe "Dextugob" {vorpal, Will+ Str+2}
rCold   . . .      Faith    .   u - +2 kite shield
rNeg    + + .      Spirit   .   V - +8 plate armour {rPois}
rPois   +          Reflect  +   T - +2 hat
rElec   +          Harm     .   h - +2 cloak {rCorr}
rCorr   +          Rampage  .   Y - +1 pair of gloves of Loss {rPois rN++ Dex+7}
Will    ++++.                   g - +2 pair of boots {Fly}
Stlth   ..........              S - amulet of the Original Sin {Reflect Fragile Str+2 Dex+2 SH+5}
HPRegen 1.42/turn               B - ring "Ihamozewn" {Fly rPois Str+4}
MPRegen 0.17/turn               M - ring of the Philosopher {rElec rF- rCorr Dex+2 Slay+4}

@: confused, ambrosia-drunk, strong-willed, corroded, on berserk cooldown,
flying, regenerating, unable to read
A: horns 2, retaliatory headbutt, dopey 1, fire resistance 1, subdued magic 1,
inability to read while threatened
}: 2/15 runes: decaying, gossamer
a: Renounce Religion, Berserk, Trog's Hand, Brothers in Arms


You were on level 2 of the Pits of Slime.
You worshipped Trog.
Trog was extremely pleased with you.
You visited 7 branches of the dungeon, and saw 36 of its levels.
You also visited: Sewer and Gauntlet.

You collected 4303 gold pieces.
You spent 3309 gold pieces at shops.

Inventory:

Hand Weapons
 c - the +1 long sword of Utepar {flame, rCorr Dex+3}
   (You found it on level 3 of the Elven Halls)

   It burns those it strikes, dealing additional fire damage.
   Big, fiery blades are also staple armaments of hydra-hunters.
   Dex:       It affects your dexterity (+3).
   rCorr:     It protects you from acid and corrosion.
 n - the +7 war axe "Dextugob" (weapon) {vorpal, Will+ Str+2}
   (You bought it in a shop on level 3 of the Elven Halls)

   It inflicts extra damage upon your enemies.
   Str:       It affects your strength (+2).
   Will:      It increases your willpower.
 t - a +8 battleaxe of flaming
 H - a +5 vorpal executioner's axe
 Z - the +4 triple sword of Chance {vorpal, +Blink rF+ rC+ Stlth+}
   (Trog gifted it to you on level 1 of the Pits of Slime)

   It inflicts extra damage upon your enemies.
   rF:        It protects you from fire.
   rC:        It protects you from cold.
   +Blink:    It lets you blink.
   Stlth:     It makes you more stealthy.
Missiles
 m - 26 boomerangs
 x - 14 javelins
 E - 5 silver boomerangs (quivered)
 P - 3 silver javelins
Armour
 g - a +2 pair of boots of flying (worn)
 h - a +2 cloak of preservation (worn)
 i - a +1 pair of boots of rampaging
 u - a +2 kite shield (worn)
 w - +0 fire dragon scales
 T - a +2 hat (worn)
 V - a +8 plate armour of poison resistance (worn)
 Y - the +1 pair of gloves of Loss (worn) {rPois rN++ Dex+7}
   (You found it on level 1 of the Spider Nest)

   Dex:       It affects your dexterity (+7).
   rPois:     It protects you from poison.
   rN:        It greatly protects you from negative energy.
Jewellery
 e - a ring of resist corrosion
 f - a ring of positive energy
 o - a ring of protection from cold
 y - a ring of flight
 z - a ring of willpower
 B - the ring "Ihamozewn" (left hand) {Fly rPois Str+4}
   (You acquired it on level 2 of the Orcish Mines)

   [ring of flight]

   Str:       It affects your strength (+4).
   rPois:     It protects you from poison.
   Fly:       It grants you flight.
 L - a ring of poison resistance
 M - the ring of the Philosopher (right hand) {rElec rF- rCorr Dex+2 Slay+4}
   (You found it in a Gauntlet)

   [ring of slaying]

   Dex:       It affects your dexterity (+2).
   Slay:      It affects your accuracy & damage with ranged weapons and melee
   (+4).
   rF:        It makes you vulnerable to fire.
   rElec:     It insulates you from electricity.
   rCorr:     It protects you from acid and corrosion.
 S - the amulet of the Original Sin (around neck) {Reflect Fragile Str+2 Dex+2 SH+5}
   (You took it off a deep elf zephyrmancer on level 3 of the Elven Halls)

   [amulet of reflection]

   It reflects blocked missile attacks.
   Str:       It affects your strength (+2).
   Dex:       It affects your dexterity (+2).
   Fragile:   It will be destroyed if unequipped.
   SH:        It affects your SH (+5).
 W - the ring of Doubts {rElec rPois rN+}
   (You took it off a deep elf knight on level 3 of the Elven Halls)

   [ring of poison resistance]

   rElec:     It insulates you from electricity.
   rPois:     It protects you from poison.
   rN:        It protects you from negative energy.
 X - a ring of magical power
Wands
 j - a wand of mindburst (18)
 p - a wand of flame (121)
 v - a wand of polymorph (13)
 F - a wand of paralysis (19)
 G - a wand of acid (15)
 K - a wand of digging (12)
 O - a wand of iceblast (14)
 R - a wand of charming (26)
Scrolls
 b - 6 scrolls of teleportation
 d - 4 scrolls of blinking
 k - 3 scrolls of fear
 q - 3 scrolls of magic mapping
 D - 22 scrolls of identify
 I - 3 scrolls of fog
 N - 2 scrolls of holy word
 U - 2 scrolls of silence
Potions
 a - 6 potions of haste
 l - 13 potions of curing
 r - 5 potions of might
 A - a potion of resistance
 C - 5 potions of ambrosia
 J - 2 potions of cancellation
Miscellaneous
 Q - a phial of floods


   Skills:
 + Level 20.5 Fighting
 * Level 12.4 Long Blades
 O Level 27 Axes
 * Level 11.8 Throwing
 * Level 20.7 Armour
 + Level 5.8 Dodging
 + Level 3.0 Stealth
 + Level 2.5 Shields
 + Level 2.5 Unarmed Combat
 + Level 1.8 Invocations
 + Level 3.0 Evocations


You had 19 spell levels left.
You didn't know any spells.
Your spell library was empty.

Dungeon Overview and Level Annotations

Branches:
Dungeon (15/15)            Temple (0/1) D:4            Lair (6/6) D:11
  Swamp (4/4) Lair:4       Spider (4/4) Lair:4        Slime (2/5) Lair:6
    Orc (2/2) D:12            Elf (3/3) Orc:2        Vaults (0/5) D:13
 Depths (0/4) D:15          Sewer (visited)         Gauntlet (visited)

Altars:
Ashenzari
Makhleb
Xom
The Shining One
Beogh
Jiyva
Lugonu

Shops:
D:1 :   D:6 (   D:8 (   Orc:1 (!:[   Orc:2 [[*?   Elf:2 (   Elf:3 *?(

Portals:
Abyss: Lair:6
Trove: D:10 (give 5 scrolls of fog)

Annotations:
Elf:3 3 runed translucent doors, Mazet's ghost, adept MiFi


Innate Abilities, Weirdness & Mutations

You have a pair of horns on your head.
You reflexively headbutt those who attack you in melee.
You are dopey. (Int -2)
Your flesh is heat resistant. (rF+)
Your spells are a little easier to cast, but a little less powerful.
You sometimes lose the ability to read scrolls when taking damage.


Message History

You block the acid blob's attack.
You slash the acid blob!
Your hands burn!
* * * LOW HITPOINT WARNING * * *
You headbutt the acid blob!
The acid blob is severely wounded.
You hit the azure jelly. You slash the rockslime! You slash the acid blob!
Your hands burn!
* * * LOW HITPOINT WARNING * * *
The azure jelly hits you but does no damage.
You block the azure jelly's attack. x2
The azure jelly hits you but does no damage.
The acid blob completely misses you. You furiously retaliate!
You headbutt the acid blob!
The rockslime hits you but does no damage.
The acid blob spits acid at you. The splash of acid hits you! You resist.
* * * LOW HITPOINT WARNING * * *
You hit the acid blob.
Your hands burn!
* * * LOW HITPOINT WARNING * * *
The acid blob is almost dead.
You slash the acid blob!
Your hands burn!
* * * LOW HITPOINT WARNING * * *
You hit the rockslime but do no damage. You hit the azure jelly.
You block the azure jelly's attack. x4
The acid blob spits acid at you. The splash of acid hits you! You resist.
* * * LOW HITPOINT WARNING * * *
The rockslime hits you but does no damage.
The acid blob spits acid at you. The splash of acid hits you! You resist.
* * * LOW HITPOINT WARNING * * *
You are confused.
You feel invigorated.
The azure jelly hits you but does no damage. x4
The acid blob hits you.
* * * LOW HITPOINT WARNING * * *
The acid corrodes you!
You are splashed with acid.
You resist.
* * * LOW HITPOINT WARNING * * *
The rockslime hits you!
You die...

# ## ####
##.#.###..######
#..........#...#..
#................
##.....J..#......
##..#.@JJ........
#.....JJ.........
#...#.........#.#
....#..........# #
.................
#...........>....
#................
................
................


You could see 2 acid blobs, an azure jelly, a slime creature and a rockslime.

Vanquished Creatures
  Bai Suzhen (Swamp:3)
  the Lernaean hydra (Swamp:4)
  Nikola (Elf:1)
  Jorgrun (Elf:1)
  3 deep elf blademasters
  The ghost of Pasul the Earth Mage, an adept GrEE of Vehumet (Spider:1)
  5 acid blobs
  2 deep elf master archers (Elf:3)
  Frances (Elf:1)
  A thorn hunter (Swamp:4)
  Roxanne (Swamp:3)
  2 azure jellies
  3 rockslimes (Slime:2)
  Aizul (Elf:1)
  4 deep elf sorcerers (Elf:3)
  5 emperor scorpions (Spider:4)
  4 ghost moths
  Louise (Swamp:4)
  5 deep elf elementalists
  2 quicksilver oozes
  Nessos (D:13)
  6 deep elf demonologists
  A minotaur (Gauntlet)
  4 bunyips
  An entropy weaver (Spider:2)
  7 deep elf annihilators (Elf:3)
  A spark wasp (Spider:3)
  Snorg (Lair:4)
  5 eleionomae
  A deep elf high priest (Elf:3)
  6 deep elf death magi (Elf:3)
  3 shambling mangroves
  Josephine (D:10)
  4 vault guards (D:13)
  22 hydras
  3 boulder beetles
  3 ghost crabs
  A catoblepas (Lair:5)
  2 ogre magi
  6 alligators
  2 centaur warriors
  6 two-headed ogres
  A death yak (D:11)
  30 dancing weapons
  4 orc high priests
  3 thrashing horrors (Lair:6)
  A vampire mage (D:15)
  10 skeletal warriors
  Nergalle (Lair:1)
  24 deep elf knights
  A spectral entropy weaver (Spider:1)
  A deep troll (Orc:1)
  A spark wasp zombie (D:15)
  5 spriggan druids
  2 glowing orange brains (Gauntlet)
  7 swamp dragons (Swamp:4)
  3 goliath frogs
  14 deep elf archers
  Pikel (D:6)
  6 spectral wolf spiders (Spider:4)
  A necromancer (D:15)
  20 orb spiders
  3 bog bodies
  5 orc sorcerers
  10 ugly things
  36 deep elf zephyrmancers
  6 orc knights
  A harpy (shapeshifter) (D:13)
  6 wolf spider zombies (Spider:4)
  4 will-o-the-wisps
  31 deep elf pyromancers
  2 shining eyes (Slime:1)
  3 cyclopes
  A sphinx skeleton (D:15)
  16 elephants
  29 wolf spiders
  A moth of wrath (Spider:4)
  A manticore (D:15)
  An ice statue (Lair:3)
  Maurice (D:8)
  5 black mambas
  A gargoyle (D:10)
  A spriggan skeleton (D:15)
  2 smoke demons (Lair:6)
  9 cane toads
  An unseen horror (D:12)
  2 torpor snails
  9 demonic crawlers
  4 rime drakes
  6 komodo dragons
  An ice devil (Lair:3)
  3 ancient zymes (Lair:6)
  A bloated husk (Swamp:2)
  A troll (shapeshifter) (Elf:1)
  3 meliai (D:12)
  6 trolls
  11 tyrant leeches
  35 jumping spiders
  3 polar bears
  6 wolf spider simulacra
  23 hornets
  A jumping spider (shapeshifter) (Elf:2)
  23 blink frogs
  25 slime creatures
  An ettin zombie (D:15)
  A centaur simulacrum (D:15)
  2 yaks (shapeshifter) (Elf:3)
  A shadow (D:10)
  A redback (shapeshifter) (Elf:2)
  30 tarantellas
  3 air elementals
  3 ynoxinuls (Lair:6)
  71 redbacks
  A water elemental (Elf:2)
  4 fire elementals
  5 wyverns
  8 wraiths
  13 small abominations (Lair:6)
  6 spriggans
  Eustachio (D:6)
  2 vampires
  7 basilisks
  54 yaks
  8 humans (D:13)
  8 vampire mosquitoes
  A steam dragon (Lair:3)
  A chaos spawn (Lair:6)
  A large abomination (Lair:6)
  3 wargs (Orc:1)
  16 swamp worms
  Grum (D:9)
  Edmund (D:6)
  An acid dragon (D:11)
  11 water moccasins
  A cane toad zombie (D:9)
  A sky beast (D:7)
  A meliai simulacrum (Spider:1)
  10 swamp drakes
  9 ice beasts
  12 orc warriors
  5 black bears
  2 necrophages
  8 ogres
  6 centaurs
  6 wolves
  A lemure (D:6)
  6 kobold brigands
  A phantom (D:5)
  14 bullfrogs
  3 gnoll sergeants
  3 earth elementals
  10 wights
  6 howler monkeys
  9 electric eels
  2 centaur zombies
  2 lava snakes
  4 hounds
  3 gnoll shamans
  11 orc priests
  5 jellies
  3 iguanas
  14 orc wizards
  A scorpion zombie (D:5)
  6 hell rats (Lair:5)
  The ghost of fly the Sneak, a weakling FoDe of Uskayaw (D:5)
  2 howler monkey zombies
  26 gnolls
  11 adders
  6 river rats (Sewer)
  2 shadow imps (D:6)
  4 white imps
  A worm (D:6)
  3 dart slugs
  44 orcs
  6 bats
  3 endoplasms
  2 giant cockroaches
  9 goblins
  8 hobgoblins
  47 kobolds
  2 quokkas
  8 ball pythons
  5 frilled lizards
  23 rats
  2 briar patches (Swamp:4)
1253 creatures vanquished.

Vanquished Creatures (collateral kills)
  A hydra (Swamp:4)
  An alligator (Swamp:1)
  2 spectral redbacks (Spider:1)
  A tyrant leech (Swamp:1)
  A spectral tarantella (Spider:1)
  A redback simulacrum (Spider:1)
  A swamp worm (Swamp:1)
  A moth of wrath simulacrum (Spider:1)
  A jumping spider simulacrum (Spider:1)
10 creatures vanquished.

Vanquished Creatures (others)
  2 deep elf knights (Elf:3)
  A deep elf archer (Elf:1)
  A deep elf pyromancer (Elf:1)
  An orb spider (Spider:3)
  A deep elf zephyrmancer (Elf:1)
  3 bloated husks
  18 foxfires
  25 fungi
  34 plants
  2 withered plants (D:15)
88 creatures vanquished.

Grand Total: 1351 creatures vanquished

Notes
Turn   | Place    | Note
-------+----------+-------------------------------------------
     0 | D:1      | AvatarAndi78 the Minotaur Berserker began the quest for the
                  | Orb.
     0 | D:1      | Reached XP level 1. HP: 19/19 MP: 0/0
   123 | D:1      | Found a faded altar of an unknown god.
   142 | D:1      | Reached XP level 2. HP: 16/27 MP: 1/1
   268 | D:1      | Reached skill level 4 in Axes
   392 | D:1      | Found Beleex's Book Emporium.
  1104 | D:2      | Found a glowing golden altar of the Shining One.
  1115 | D:2      | Reached XP level 3. HP: 30/33 MP: 2/2
  1656 | D:3      | Reached ** piety under Trog
  1756 | D:3      | Reached XP level 4. HP: 38/40 MP: 3/3
  1900 | D:3      | Noticed a necrophage
  1905 | D:3      | Killed a necrophage
  1906 | D:3      | Reached skill level 5 in Axes
  1906 | D:3      | Reached skill level 1 in Throwing
  1906 | D:3      | Reached XP level 5. HP: 47/47 MP: 4/4
  2284 | D:4      | Reached XP level 6. HP: 54/55 MP: 5/5
  2377 | D:4      | Reached skill level 5 in Fighting
  2377 | D:4      | Reached skill level 6 in Axes
  2469 | D:4      | Reached XP level 7. HP: 61/61 MP: 6/6
  2511 | D:4      | Found a burning altar of Makhleb.
  2592 | D:4      | Found a staircase to the Ecumenical Temple.
  2874 | D:4      | Found a broken altar of Ashenzari.
  3533 | D:5      | Entered Level 5 of the Dungeon
  3539 | D:5      | Noticed a yak
  3539 | D:5      | Noticed a yak
  3549 | D:5      | Killed a yak
  3550 | D:5      | Reached skill level 7 in Axes
  3551 | D:5      | Noticed a yak
  3551 | D:5      | Noticed a yak
  3551 | D:5      | Noticed a yak
  3560 | D:5      | Killed a yak
  3562 | D:5      | Killed a yak
  3563 | D:5      | Reached skill level 8 in Axes
  3563 | D:5      | Reached XP level 8. HP: 68/70 MP: 7/7
  3564 | D:5      | Reached skill level 5 in Armour
  3564 | D:5      | Reached skill level 1 in Stealth
  3567 | D:5      | Reached skill level 9 in Axes
  3810 | D:5      | Found a runed translucent gate.
  3810 | D:5      | Found a runed translucent gate.
  3814 | D:5      | Found a runed translucent gate.
  3817 | D:5      | Noticed fly's ghost (weakling FoDe)
  3877 | D:5      | Reached skill level 10 in Axes
  4130 | D:5      | Reached *** piety under Trog
  4274 | D:5      | Reached skill level 11 in Axes
  4274 | D:5      | Reached XP level 9. HP: 79/79 MP: 8/8
  4558 | D:6      | Gained mutation: You tend to lose your temper in combat.
                  | [potion of mutation]
  4558 | D:6      | Gained mutation: Your muscles are strong. (Str +2) [potion
                  | of mutation]
  4558 | D:6      | Lost mutation: You tend to lose your temper in combat.
                  | [potion of mutation]
  4558 | D:6      | Gained mutation: Your flesh is heat resistant. (rF+)
                  | [potion of mutation]
  4563 | D:6      | Noticed Edmund
  4574 | D:6      | Killed Edmund
  4764 | D:6      | Noticed Eustachio
  4777 | D:6      | Killed Eustachio
  4786 | D:6      | Noticed Pikel
  4799 | D:6      | Killed Pikel
  4800 | D:6      | Reached skill level 12 in Axes
  4862 | D:6      | Reached skill level 13 in Axes
  4963 | D:6      | Found a glowing drain.
  4979 | Sewer    | Entered a sewer
  5132 | Sewer    | Reached **** piety under Trog
  5564 | D:6      | Found Ypsuek's Antique Weapon Shoppe.
  5776 | D:7      | Reached skill level 14 in Axes
  6437 | D:8      | Reached XP level 10. HP: 75/88 MP: 9/9
  6456 | D:8      | Found Lop Jeimp's Antique Weapon Shop.
  6548 | D:8      | Reached skill level 15 in Axes
  6705 | D:8      | Noticed Maurice
  6712 | D:8      | Killed Maurice
  7397 | D:9      | Reached skill level 16 in Axes
  7950 | D:9      | Noticed a cyclops
  7954 | D:9      | Killed a cyclops
  7955 | D:9      | Reached skill level 10 in Fighting
  7955 | D:9      | Reached skill level 17 in Axes
  8052 | D:9      | Noticed Grum
  8063 | D:9      | Killed Grum
  8364 | D:10     | Entered Level 10 of the Dungeon
  8512 | D:10     | Reached XP level 11. HP: 101/101 MP: 10/10
  8554 | D:10     | Noticed Josephine
  8563 | D:10     | Killed Josephine
  8571 | D:10     | Reached skill level 18 in Axes
  8669 | D:10     | Noticed a red ugly thing
  8680 | D:10     | Killed a red ugly thing
  8699 | D:10     | Found a portal to a secret trove of treasure.
  8699 | D:10     | Noticed a two-headed ogre
  9051 | D:10     | Killed a two-headed ogre
  9110 | D:11     | Noticed a death yak
  9112 | D:11     | Found a staircase to the Lair.
  9121 | D:11     | Killed a death yak
  9244 | D:11     | Noticed a four-headed hydra
  9248 | D:11     | Killed a one-headed hydra
  9249 | D:11     | Reached skill level 19 in Axes
  9258 | D:11     | Paralysed by a hornet for 1 turns
  9445 | D:11     | Reached skill level 10 in Armour
  9608 | D:11     | Found Caohat's Antique Weapon Boutique.
  9776 | D:12     | Reached skill level 1 in Evocations
  9776 | D:12     | Reached XP level 12. HP: 111/111 MP: 11/11
  9803 | Lair:1   | Entered Level 1 of the Lair of Beasts
 10092 | Lair:1   | Identified the +3 leather armour of the Endless Expanse
                  | {Str+3 Int+4}
 10234 | Lair:1   | Noticed Nergalle
 10240 | Lair:1   | Killed Nergalle
 10240 | Lair:1   | Reached ***** piety under Trog
 10591 | Lair:1   | Reached skill level 20 in Axes
 10591 | Lair:1   | Reached skill level 5 in Dodging
 10591 | Lair:1   | Reached skill level 1 in Invocations
 10591 | Lair:1   | Reached XP level 13. HP: 119/119 MP: 11/13
 11229 | Lair:2   | Reached skill level 21 in Axes
 11257 | Lair:2   | Received a gift from Trog
 11627 | Lair:3   | Reached XP level 14. HP: 130/130 MP: 14/14
 12181 | Lair:4   | Identified a scroll of acquirement
 12184 | Lair:4   | Acquired a +2 pair of gloves of stealth
 12257 | Lair:4   | Found a hole to the Spider Nest.
 12260 | Lair:4   | Found a staircase to the Swamp.
 12404 | Lair:4   | Noticed Snorg
 12412 | Lair:4   | Killed Snorg
 13598 | Lair:6   | Entered Level 6 of the Lair of Beasts
 13878 | Lair:6   | Received a gift from Trog
 14110 | Lair:6   | Reached skill level 5 in Throwing
 14149 | Lair:6   | Reached skill level 22 in Axes
 14236 | Lair:6   | Reached skill level 15 in Fighting
 14270 | Lair:6   | Found a corrupted altar of Lugonu.
 14270 | Lair:6   | Found a one-way gate to the infinite horrors of the Abyss.
 14582 | Lair:6   | Found a staircase to the Slime Pits.
 14582 | Lair:6   | Found a viscous altar of Jiyva.
 15312 | D:12     | Found a staircase to the Orcish Mines.
 15547 | D:12     | Found a shimmering altar of Xom.
 16221 | Orc:1    | Entered Level 1 of the Orcish Mines
 16227 | Orc:1    | Found Pohomit's Book Shop.
 16261 | Orc:1    | Found Gunkan's Antique Weapon Emporium.
 16271 | Orc:1    | Bought an ancient scimitar for 261 gold pieces
 16271 | Orc:1    | Identified the +3 scimitar "Gyecullul" {flame, Str+4} (You
                  | bought it in a shop on level 1 of the Orcish Mines)
 16364 | Orc:1    | Found Ubonaha's Armour Emporium.
 16373 | Orc:1    | Bought a +2 pair of boots of flying for 322 gold pieces
 16373 | Orc:1    | Bought a +1 hat for 165 gold pieces
 16459 | Orc:2    | Entered Level 2 of the Orcish Mines
 16519 | Orc:2    | Reached XP level 15. HP: 141/141 MP: 15/15
 16550 | Orc:2    | Received a gift from Trog
 16612 | Orc:2    | Found a staircase to the Elven Halls.
 17170 | Orc:2    | Found Kimaergho's General Store.
 17170 | Orc:2    | Found Fudyfuyn's Magic Scroll Shoppe.
 17234 | Orc:2    | Found Hiocho's Armour Shop.
 17234 | Orc:2    | Found Zulel's Antique Armour Shoppe.
 17240 | Orc:2    | Bought a scroll of enchant weapon for 105 gold pieces
 17246 | Orc:2    | Bought a scroll of fog for 36 gold pieces
 17246 | Orc:2    | Bought a scroll of acquirement for 936 gold pieces
 17246 | Orc:2    | Bought a scroll of enchant armour for 135 gold pieces
 17246 | Orc:2    | Bought a scroll of magic mapping for 63 gold pieces
 17264 | Orc:2    | Acquired the ring "Ihamozewn" {Fly rPois Str+4}
 17419 | Spider:1 | Entered Level 1 of the Spider Nest
 17607 | Spider:1 | Reached skill level 5 in Long Blades
 17669 | Spider:1 | Reached skill level 15 in Armour
 17675 | Spider:1 | Received a gift from Trog
 17940 | Spider:1 | Found a runed translucent gate.
 17940 | Spider:1 | Found a runed translucent gate.
 17940 | Spider:1 | Found a runed translucent gate.
 17941 | Spider:1 | Noticed Pasul's ghost (adept GrEE)
 18070 | Spider:2 | Reached skill level 23 in Axes
 18896 | Spider:3 | Reached ****** piety under Trog
 19026 | Spider:3 | Killed a ghost moth
 19346 | Spider:3 | Received a gift from Trog
 19739 | Spider:4 | Entered Level 4 of the Spider Nest
 19747 | Spider:4 | Reached XP level 16. HP: 115/151 MP: 16/16
 20440 | Spider:4 | Received a gift from Trog
 20682 | Spider:4 | Reached skill level 24 in Axes
 20800 | Spider:4 | Got a gossamer rune of Zot
 20952 | Swamp:1  | Entered Level 1 of the Swamp
 21229 | D:5      | Killed fly's ghost
 21505 | Spider:1 | Killed Pasul's ghost
 21514 | Spider:1 | Identified the +1 pair of gloves of Loss {rPois rN++ Dex+7}
 21962 | Swamp:2  | Reached XP level 17. HP: 154/161 MP: 17/17
 22605 | Swamp:3  | Noticed Roxanne
 22624 | Swamp:3  | Killed Roxanne
 22682 | Swamp:3  | Received a gift from Trog
 22918 | Swamp:3  | Noticed Bai Suzhen
 22936 | Swamp:3  | Killed Bai Suzhen
 23187 | Swamp:4  | Entered Level 4 of the Swamp
 23372 | Swamp:4  | Noticed Louise
 23386 | Swamp:4  | Killed Louise
 23675 | Swamp:4  | Noticed the 27-headed Lernaean hydra
 23683 | Swamp:4  | Killed the 25-headed Lernaean hydra
 23684 | Swamp:4  | Reached skill level 25 in Axes
 23744 | Swamp:4  | Got a decaying rune of Zot
 24316 | D:13     | Noticed Nessos
 24324 | D:13     | Killed Nessos
 24404 | D:13     | Received a gift from Trog
 24469 | D:13     | Found a gate to the Vaults.
 24553 | D:13     | Reached XP level 18. HP: 173/173 MP: 18/18
 24921 | D:14     | Reached skill level 10 in Long Blades
 25053 | D:14     | You are sucked into a shaft and drop 1 floor!
 25053 | D:15     | Entered Level 15 of the Dungeon
 25068 | D:15     | Found a gate leading to a gauntlet.
 25084 | Gauntlet | Entered a Gauntlet
 25084 | Gauntlet | Found a transporter.
 25112 | Gauntlet | Found a transporter.
 25129 | Gauntlet | Found a transporter.
 25133 | Gauntlet | Found a transporter.
 25154 | Gauntlet | Found a transporter.
 25167 | Gauntlet | Found a transporter.
 25175 | Gauntlet | Found a transporter.
 25179 | Gauntlet | Found a transporter.
 25204 | Gauntlet | Found a transporter.
 25231 | Gauntlet | Found a transporter.
 25231 | Gauntlet | Found a transporter.
 25237 | Gauntlet | Found a transporter.
 25378 | Gauntlet | Identified the +5 arbalest of the Ass {venom, rElec rPois
                  | Will+ Int+2}
 25395 | Gauntlet | Reached skill level 10 in Throwing
 25399 | Gauntlet | Identified the ring of the Philosopher {rElec rF- rCorr
                  | Dex+2 Slay+4}
 25404 | Gauntlet | Identified the +6 hand crossbow "Illiozxe" {flame, rN+
                  | Will+ Str+2}
 25499 | Gauntlet | Identified the +3 halberd of the Present {vorpal, Fly rElec
                  | rCorr}
 25570 | D:15     | Found a staircase to the Depths.
 26440 | Orc:1    | Found Pab Dept's Distillery.
 26493 | Orc:1    | Bought 2 potions of heal wounds for 170 gold pieces
 26493 | Orc:1    | Bought a potion of haste for 170 gold pieces
 26612 | Elf:1    | Entered Level 1 of the Elven Halls
 26612 | Elf:1    | Noticed Aizul
 26627 | Elf:1    | Killed Aizul
 26777 | Elf:1    | Paralysed by an air elemental for 1 turns
 27017 | Elf:1    | Noticed Jorgrun
 27027 | Elf:1    | Killed Jorgrun
 27080 | Elf:1    | Noticed Nikola
 27093 | Elf:1    | Killed Nikola
 27437 | Elf:1    | Received a gift from Trog
 27542 | Elf:1    | Noticed Frances
 27554 | Elf:1    | Killed Frances
 28188 | Elf:2    | Reached skill level 26 in Axes
 28254 | Elf:2    | Paralysed by an air elemental for 1 turns
 28473 | Elf:2    | Found Tijoom's Antique Weapon Boutique.
 28704 | Elf:2    | Found a runed translucent gate.
 28705 | Elf:2    | Found a runed translucent gate.
 28706 | Elf:2    | Found a runed translucent gate.
 28848 | Elf:2    | Reached XP level 19. HP: 180/183 MP: 19/19
 28863 | Elf:2    | Received a gift from Trog
 29335 | Elf:3    | Entered Level 3 of the Elven Halls
 29403 | Elf:3    | Found Ziusogeg's Assorted Antiques.
 29406 | Elf:3    | Found Mesma's Magic Scroll Emporium.
 29434 | Elf:3    | Found Udea's Antique Weapon Shoppe.
 29439 | Elf:3    | Bought a scroll of fear for 115 gold pieces
 29443 | Elf:3    | Bought a scroll of enchant armour for 135 gold pieces
 29443 | Elf:3    | Bought a scroll of enchant armour for 135 gold pieces
 29443 | Elf:3    | Bought a scroll of holy word for 135 gold pieces
 29443 | Elf:3    | Bought a scroll of holy word for 135 gold pieces
 29443 | Elf:3    | Bought a scroll of fog for 36 gold pieces
 29448 | Elf:3    | Bought a crude war axe for 255 gold pieces
 29448 | Elf:3    | Identified the +7 war axe "Dextugob" {vorpal, Will+ Str+2}
                  | (You bought it in a shop on level 3 of the Elven Halls)
 29724 | Elf:3    | Found a runed translucent gate.
 29725 | Elf:3    | Found a runed translucent gate.
 29725 | Elf:3    | Found a runed translucent gate.
 29739 | Elf:3    | Noticed Mazet's ghost (adept MiFi)
 30348 | Elf:3    | Received a gift from Trog
 30368 | Elf:3    | Gained mutation: Your spells are a little easier to cast,
                  | but a little less powerful. [a cacodemon]
 30596 | Elf:3    | Identified the ring of Doubts {rElec rPois rN+}
 30790 | Elf:3    | Identified the +1 halberd "Awoaceur" {freeze, rPois rF+++
                  | Will+ Int-5 Stlth+}
 30790 | Elf:3    | Identified the amulet of the Original Sin {Reflect Fragile
                  | Str+2 Dex+2 SH+5}
 30800 | Elf:3    | Reached skill level 27 in Axes
 30992 | Elf:3    | Found a viscous altar of Jiyva.
 31036 | Elf:3    | Identified the +4 chain mail of the Lute {Str+6}
 31059 | Elf:3    | Identified the +7 dagger "Seufeukk" {protect, Fragile rF+++
                  | rN+++ Str-4}
 31062 | Elf:3    | Identified the +1 long sword of Utepar {flame, rCorr Dex+3}
 31523 | Slime:1  | Entered Level 1 of the Pits of Slime
 31649 | Slime:1  | Gained mutation: You sometimes lose the ability to read
                  | scrolls when taking damage. [a shining eye]
 31680 | Slime:1  | Identified the +4 triple sword of Chance {vorpal, +Blink
                  | rF+ rC+ Stlth+} (Trog gifted it to you on level 1 of the
                  | Pits of Slime)
 31680 | Slime:1  | Received a gift from Trog
 31822 | Slime:2  | Gained mutation: You are dopey. (Int -2) [a shining eye]
 31827 | Slime:2  | Lost mutation: Your muscles are strong. (Str +2) [a shining
                  | eye]
 31974 | Slime:2  | Reached XP level 20. HP: 24/195 MP: 4/20
 31979 | Slime:2  | HP: 8/195 [acid blob/splash of acid (11)]
 31980 | Slime:2  | Mangled by a rockslime

Illustrated notes

Levels and vault maps discovered:
D:1:      minmay_arrival_five_plusses, layout_rooms,
          hellmonk_ecumenical_altar_pennies_from_heaven, serial_shops, shop,
          minmay_misc_feat_enclosed, serial_bayou_crossing
D:2:      minmay_door_path, layout_loops_ring, basic_altar
D:3:      layout_rooms
D:4:      cheibrodos_quashed, layout_layer_cave,
          mainiacjoe_overflow_catch_the_wave, temple_statues,
          minmay_goblin_kobold_house
D:5:      layout_cave_pods, ebering_ghost_rock_garden,
          chequers_serial_rivers_marsh, minmay_manual_monstrance
D:6:      layout_cave_pools, cheibrodos_sewer_entry_sluice,
          nicolae_take_the_stairs, kennysheep_generic_room_14, uniq_eustachio,
          uniq_pikel, uniq_edmund
D:7:      layout_loops_ring
D:8:      layout_basic, serial_shops, shop, lemuel_another_geyser, uniq_maurice
D:9:      layout_loops_corners, lightli_minifort, uniq_grum
D:10:     layout_roguey, enter_trove_0, minivault_26, uniq_josephine
D:11:     layout_basic, david_lair_generic, serial_shops, shop
D:12:     layout_layer_cave, minmay_orc_entry_temple_small,
          kennysheep_flooded_box, kennysheep_generic_room_15
D:13:     layout_small_grid, ximxim_vaults_locker_room, uniq_nessos
D:14:     erik_rubicon_b, layout_loops_cross, fake_guardian_serpent_vault
D:15:     gammafunk_depths_entry_grave, layout_loops_ring,
          gauntlet_entry_generic
Lair:1:   layout_long_grid, infiniplex_staircase_pool_2, uniq_nergalle
Lair:2:   layout_regular_city, nzn_random_ring, grunt_megastairs_5
Lair:3:   layout_long_grid, ice2_lemuel
Lair:4:   layout_gridlike, minmay_swamp_entry_worms, spider_nest_entry_a,
          infiniplex_staircase_pool, uniq_snorg
Lair:5:   layout_gridlike
Lair:6:   hellmonk_lair_end_abyssal_woods, layout_regular_city, slime_altar_1
Swamp:1:  layout_falls_marsh, hangedman_swamp_pad
Swamp:2:  layout_basic_swamp, hangedman_swamp_diagram
Swamp:3:  layout_basic_swamp, nicolae_swamp_some_circles,
          nicolae_swamp_triple_paths, uniq_bai_suzhen, uniq_roxanne
Swamp:4:  swamp_old_school, layout_basic_swamp, swamp_pool2,
          nicolae_swamp_feature_on_the_river_bank, uniq_louise
Spider:1: layout_spider_delve, gammafunk_ghost_necromancy
Spider:2: layout_spider_delve
Spider:3: layout_spider_delve, hangedman_spider_tarantella_strand
Spider:4: spider_rune_water, nicolae_spider_undead_wolf_pack
Slime:1:  layout_caves
Slime:2:  layout_caves, special_room [special_room_jelly]
Orc:1:    layout_caves, serial_shops, nicolae_lakefront_shop,
          nicolae_shop_statue_plus, nicolae_shop_window_shopping,
          guppyfry_orc_lava_fort
Orc:2:    grunt_orc_tribal_feast, layout_caves, basic_altar
Elf:1:    layout_gridlike, serial_glass, glass_columns_b, glass_columns_b,
          glass_columns_b, glass_columns_a, glass_columns_a, glass_columns_a,
          item_on_display_a, due_unseen_surprise, item_on_display_a,
          feat_on_display, hangedman_corner_corridor, uniq_nikola, uniq_jorgrun,
          uniq_frances, uniq_aizul
Elf:2:    nicolae_elf_blades_splatter_lattice
          [nicolae_blade_entry_diamond_columns], layout_loops_cross,
          serial_shops, nicolae_shop_behind_doors,
          nicolae_elf_variegated_diamond
Elf:3:    elf_hall, layout_geoelf_octagon, gammafunk_ghost_ooze,
          minmay_shop_star

Skill      XL: |  1  2  3  4  5  6  7  8  9 10 11 12 13 14 15 16 17 18 19 |
---------------+----------------------------------------------------------+-----
Axes           | 4 5 6 8 11 14 17 19 20 21 22 23 24 25 26 27 | 27.0
Fighting       | 4 5 6 7 8 10 11 12 13 15 16 17 18 19 20 | 20.5
Armour         | 3 4 5 6 8 10 11 12 14 15 17 18 19 20 | 20.7
Throwing       | 1 2 3 4 5 7 8 9 10 11 | 11.8
Dodging        | 3 4 5 |  5.8
Stealth        | 1 2 3 |  3.0
Evocations     | 1 2 3 |  3.0
Long Blades    | 2 3 6 8 9 11 12 | 12.4
Shields        | 2 |  2.5
Unarmed Combat | 2 |  2.5
Invocations    | 1 |  1.8

Action                   |  1- 3 |  4- 6 |  7- 9 | 10-12 | 13-15 | 16-18 | 19-21 || total
-------------------------+-------+-------+-------+-------+-------+-------+-------++-------
Melee: Hand axe          |    25 |       |       |       |       |       |       ||    25
       Headbutt          |     9 |    12 |    35 |    80 |   210 |   255 |    85 ||   686
       War axe           |    36 |    56 |       |       |       |       |    31 ||   123
       Battleaxe         |       |       |   178 |   306 |   730 |   787 |   238 ||  2239
       Executioner's axe |       |       |       |       |       |    73 |       ||    73
Throw: Dart              |    28 |       |       |       |       |       |       ||    28
       Boomerang         |     2 |    15 |     1 |     3 |    49 |    39 |     3 ||   112
Invok: Berserk           |       |     4 |     4 |     8 |     4 |    15 |     2 ||    37
       Trog's Hand       |       |     2 |     2 |    14 |    12 |    28 |    13 ||    71
       Brothers in Arms  |       |       |       |     1 |       |     4 |     1 ||     6
Evoke: Wand              |       |       |       |     4 |       |     5 |    10 ||    19
       Phial of floods   |       |       |       |       |       |       |     1 ||     1
  Use: Potion            |       |       |     7 |     2 |     1 |     7 |    11 ||    28
       Scroll            |       |       |    10 |    15 |    11 |     9 |     5 ||    50
 Stab: Sleeping          |       |       |     1 |       |       |       |       ||     1
       Distracted        |       |       |       |       |     1 |       |       ||     1
Armor: Ring mail         |    18 |    17 |    17 |       |       |       |       ||    52
       Chain mail        |       |       |    47 |    27 |       |       |       ||    74
       Plate armour      |       |       |       |    93 |   429 |   680 |   218 ||  1420
Dodge: Dodged            |    40 |    31 |    83 |   121 |   285 |   422 |   135 ||  1117
Block: Kite shield       |       |       |       |       |       |       |    52 ||    52
       Other             |       |       |       |       |       |       |     3 ||     3
       Reflection        |       |       |       |       |       |       |     2 ||     2

Table legend: (Time is in decaauts)
 A = Elapsed time spent in this place.
 B = Non-inter-level travel time spent in this place.
 C = Inter-level travel time spent in this place.
 D = Time resting spent in this place.
 E = Time spent auto-exploring this place.
 F = Levels seen in this place.
 G = Mean time per level.
                   A        B        C        D        E       F      G
               +--------+--------+--------+--------+--------+-----+--------+
         Total |  31788 |  28800 |   2988 |      0 |  22489 |  38 |  836.5 |
       Dungeon |  13040 |  11720 |   1320 |      0 |   9529 |  15 |  869.3 |
          Lair |   5494 |   4870 |    624 |      0 |   4047 |   6 |  915.7 |
         Swamp |   2504 |   2372 |    132 |      0 |   1816 |   4 |  626.0 |
   Spider Nest |   3597 |   3323 |    274 |      0 |   2358 |   4 |  899.2 |
    Slime Pits |    353 |    353 |      0 |      0 |    234 |   2 |  176.5 |
  Orcish Mines |   1545 |   1193 |    352 |      0 |    977 |   2 |  772.5 |
   Elven Halls |   4405 |   4120 |    285 |      0 |   2989 |   3 | 1468.3 |
         Sewer |    438 |    438 |      0 |      0 |    297 |   1 |  438.0 |
      Gauntlet |    410 |    410 |      0 |      0 |    241 |   1 |  410.0 |
               +--------+--------+--------+--------+--------+-----+--------+

Top non-repeatable levels by time:
     D:4: 1580 daAuts
   Elf:1: 1504 daAuts
    D:12: 1483 daAuts
   Elf:2: 1455 daAuts
   Elf:3: 1444 daAuts
  Lair:6: 1314 daAuts
     D:5: 1281 daAuts
     D:9: 1237 daAuts
Spider:3: 1073 daAuts
   Orc:2: 1066 daAuts
  Lair:2: 1034 daAuts
  Lair:4: 987 daAuts
     D:2: 939 daAuts
Spider:4: 904 daAuts
  Lair:1: 898 daAuts
